| TOP OF THE 1ST |
|
Boston (APP) Red Sox batting - Pitching for Princeton Rays : RHP Ruben Requena
|
|
Pitching: RHP Ruben Requena
|
|
|
Batting: LHB Stanislav Parusov
|
0-0: Ball 1-0: Ball 2-0: Ball 3-0: Called Strike 3-1: Called Strike 3-2: Base on Balls
|
|
Batting: RHB Matt Hinkle
|
0-0: Called Strike 0-1: Ball 1-1: Foul Ball, location: 2F 1-2: Strikes out swinging
|
|
Batting: RHB William Lung
|
0-0: Swinging Strike 0-1: Called Strike 0-2: Ball 1-2: Foul Ball, location: 2F 1-2: Ball 2-2: Foul Ball, location: 2F 2-2: Strikes out swinging
|
|
Batting: RHB Frank Sokolosky
|
0-0: Ball 1-0: Ball Stanislav Parusov is caught stealing 2nd base 2-4
|
| Top of the 1st over - 0 runs, 0 hits, 0 errors, 0 left on base; Boston (APP) 0 - Princeton 0 |
| BOTTOM OF THE 1ST |
|
Princeton Rays batting - Pitching for Boston (APP) Red Sox : LHP Roald van Erkel
|
|
Pitching: LHP Roald van Erkel
|
|
|
Batting: SHB Chris Lockart
|
0-0: Called Strike 0-1: Ball 1-1: Foul Ball, location: 2F 1-2: SINGLE (Groundball, 56S, EV 73.1 MPH) (infield hit)
|
|
Batting: RHB Dan Marks
|
0-0: Ball 1-0: Ball Wild Pitch! Chris Lockart to second 2-0: Ball 3-0: Base on Balls
|
|
Batting: LHB Rocky Crowley
|
0-0: Ball 1-0: Swinging Strike 1-1: Swinging Strike 1-2: Foul Ball, location: 2F 1-2: Strikes out looking
|
|
Batting: RHB Wil Urban
|
0-0: Ball Chris Lockart steals 3rd base 1-0: Ball 2-0: Reached on error, E1 (Groundball, 15S, EV 67.5 MPH) Chris Lockart scores Dan Marks to second
|
|
Batting: SHB Lou Kroneman
|
0-0: Fly out, F9 (Line Drive, 9, EV 93.8 MPH)
|
|
Batting: RHB Chris Thorson
|
0-0: Called Strike 0-1: Called Strike 0-2: Ball 1-2: Ball 2-2: Ball 3-2: 3-RUN HOME RUN (Line Drive, 7D, EV 96.3 MPH), Distance : 372 ft
|
|
Batting: SHB Wayne Hattan
|
0-0: Ball 1-0: Ball 2-0: Foul Ball, location: 2F 2-1: SINGLE (Groundball, 56D, EV 94.4 MPH)
|
|
Batting: RHB Kunizo Yanagisawa
|
0-0: Called Strike 0-1: Ground out 5-3 (Groundball, 5S, EV 68.8 MPH)
|
| Bottom of the 1st over - 4 runs, 3 hits, 1 error, 1 left on base; Boston (APP) 0 - Princeton 4 |
| TOP OF THE 2ND |
|
Boston (APP) Red Sox batting - Pitching for Princeton Rays : RHP Ruben Requena
|
|
Batting: RHB Frank Sokolosky
|
0-0: SINGLE (Groundball, 6MS, EV 71.3 MPH) (infield hit)
|
|
Batting: LHB Frank Olivo
|
0-0: Foul Ball, location: 2F 0-1: Foul Ball, location: 2F 0-2: Ball 1-2: Fielders Choice at 2nd, 3-6 (Groundball, 3, EV 81.3 MPH)
|
|
Batting: RHB Mike Strey
|
0-0: Called Strike 0-1: Called Strike 0-2: DOUBLE (Line Drive, 89XD, EV 105.0 MPH) Frank Olivo to third
|
|
Batting: RHB Dominique Paolozzi
|
0-0: Foul Ball, location: 2F 0-1: Foul Ball, location: 2F 0-2: Ball 1-2: Ball 2-2: Strikes out swinging
|
|
Batting: RHB Rogelio Cervantes
|
0-0: Ball 1-0: Ball 2-0: Called Strike 2-1: Ball 3-1: Base on Balls
|
|
Batting: RHB Joe Booth
|
0-0: Called Strike 0-1: Ball 1-1: Foul Ball, location: 2F 1-2: Ball 2-2: Foul Ball, location: 2F 2-2: Strikes out swinging
|
| Top of the 2nd over - 0 runs, 2 hits, 0 errors, 3 left on base; Boston (APP) 0 - Princeton 4 |
| BOTTOM OF THE 2ND |
|
Princeton Rays batting - Pitching for Boston (APP) Red Sox : LHP Roald van Erkel
|
|
Batting: RHB Jim Erdody
|
0-0: Ball 1-0: Ball 2-0: Ground out 6-3 (Groundball, 6M, EV 92.5 MPH)
|
|
Batting: SHB Chris Lockart
|
0-0: Called Strike 0-1: Ground out 5-3 (Groundball, 56S, EV 71.9 MPH)
|
|
Batting: RHB Dan Marks
|
0-0: Ball 1-0: Called Strike 1-1: Foul Ball, location: 2F 1-2: Fly out, F9 (Flyball, 9D, EV 105.0 MPH)
|
| Bottom of the 2nd over - 0 runs, 0 hits, 0 errors, 0 left on base; Boston (APP) 0 - Princeton 4 |
| TOP OF THE 3RD |
|
Boston (APP) Red Sox batting - Pitching for Princeton Rays : RHP Ruben Requena
|
|
Batting: LHB Stanislav Parusov
|
0-0: Called Strike 0-1: Foul Ball, location: 2F 0-2: Strikes out swinging
|
|
Batting: RHB Matt Hinkle
|
0-0: Called Strike 0-1: SINGLE (Line Drive, 8RS, EV 111.3 MPH)
|
|
Batting: RHB William Lung
|
0-0: Ball 1-0: Called Strike 1-1: Called Strike 1-2: Ball 2-2: 2-RUN HOME RUN (Flyball, 7D, EV 96.3 MPH), Distance : 359 ft
|
|
Batting: RHB Frank Sokolosky
|
0-0: Called Strike 0-1: Ball 1-1: Ball 2-1: SOLO HOME RUN (Flyball, 7D, EV 98.8 MPH), Distance : 381 ft
|
|
Batting: LHB Frank Olivo
|
0-0: Foul Ball, location: 2F 0-1: Swinging Strike 0-2: Ball 1-2: Ball 2-2: Ball 3-2: SOLO HOME RUN (Line Drive, 78XD, EV 112.5 MPH), Distance : 422 ft
|
|
Batting: RHB Mike Strey
|
0-0: Called Strike 0-1: Called Strike 0-2: Ball 1-2: Strikes out swinging
|
|
Batting: RHB Dominique Paolozzi
|
0-0: Ball 1-0: Ball 2-0: Called Strike 2-1: Ball 3-1: Base on Balls
|
|
Batting: RHB Rogelio Cervantes
|
0-0: Called Strike 0-1: Fly out, F3 (Popup, 3SF, EV 74.4 MPH)
|
| Top of the 3rd over - 4 runs, 4 hits, 0 errors, 1 left on base; Boston (APP) 4 - Princeton 4 |
| BOTTOM OF THE 3RD |
|
Princeton Rays batting - Pitching for Boston (APP) Red Sox : LHP Roald van Erkel
|
|
Batting: LHB Rocky Crowley
|
0-0: Foul Ball, location: 2F 0-1: Fly out, F8 (Flyball, 8RXD, EV 90.6 MPH)
|
|
Batting: RHB Wil Urban
|
0-0: Foul Ball, location: 2F 0-1: Ball 1-1: Ball 2-1: Ball 3-1: Foul Ball, location: 2F 3-2: Ground out 6-3 (Groundball, 6, EV 82.5 MPH)
|
|
Batting: SHB Lou Kroneman
|
0-0: Called Strike 0-1: Swinging Strike 0-2: DOUBLE (Line Drive, 89M, EV 105.6 MPH)
|
|
Batting: RHB Chris Thorson
|
0-0: Ball 1-0: Swinging Strike 1-1: Ground out 6-3 (Groundball, 6S, EV 68.8 MPH)
|
| Bottom of the 3rd over - 0 runs, 1 hit, 0 errors, 1 left on base; Boston (APP) 4 - Princeton 4 |
| TOP OF THE 4TH |
|
Boston (APP) Red Sox batting - Pitching for Princeton Rays : RHP Ruben Requena
|
|
Batting: RHB Joe Booth
|
0-0: Ball 1-0: Called Strike 1-1: Foul Ball, location: 2F 1-2: Foul Ball, location: 2F 1-2: Ground out 6-3 (Groundball, 6, EV 99.4 MPH)
|
|
Batting: LHB Stanislav Parusov
|
0-0: Ball 1-0: Foul Ball, location: 2F 1-1: Ball 2-1: Ball 3-1: SINGLE (Groundball, 34D, EV 108.1 MPH)
|
|
Batting: RHB Matt Hinkle
|
0-0: Swinging Strike 0-1: Called Strike 0-2: Foul Ball, location: 2F 0-2: SINGLE (Line Drive, 4D, EV 101.3 MPH) Stanislav Parusov to second
|
|
Batting: RHB William Lung
|
0-0: Called Strike 0-1: Ball 1-1: Foul Ball, location: 2F 1-2: Strikes out swinging
|
|
Batting: RHB Frank Sokolosky
|
0-0: Foul Ball, location: 2F 0-1: Ball 1-1: Ball Wild Pitch! Stanislav Parusov to third Matt Hinkle to second 2-1: Ball 3-1: SINGLE (Groundball, 6MD, EV 97.5 MPH) Stanislav Parusov scores Matt Hinkle to third Runner from 3rd tries for Home, SAFE, throw by CF to home
|
|
Pitching: RHP John Morgan
|
|
|
Batting: LHB Frank Olivo
|
0-0: Called Strike 0-1: Swinging Strike 0-2: Strikes out swinging
|
| Top of the 4th over - 2 runs, 3 hits, 0 errors, 1 left on base; Boston (APP) 6 - Princeton 4 |
| BOTTOM OF THE 4TH |
|
Princeton Rays batting - Pitching for Boston (APP) Red Sox : LHP Roald van Erkel
|
|
Batting: SHB Wayne Hattan
|
0-0: Foul Ball, location: 2F 0-1: SOLO HOME RUN (Flyball, 78XD, EV 109.4 MPH), Distance : 425 ft
|
|
Batting: RHB Kunizo Yanagisawa
|
0-0: Ball 1-0: SINGLE (Flyball, 9LS, EV 89.4 MPH)
|
|
Pitching: LHP Eddie Contreras
|
|
|
Batting: RHB Jim Erdody
|
0-0: Ball 1-0: Ball 2-0: Ball 3-0: Base on Balls Kunizo Yanagisawa to second
|
|
Batting: SHB Chris Lockart
|
0-0: Ball 1-0: Ball 2-0: Called Strike 2-1: Foul Ball, location: 2F 2-2: Strikes out swinging
|
|
Batting: RHB Dan Marks
|
0-0: Foul Ball, location: 2F 0-1: Fly out, F6 (Line Drive, 6, EV 74.4 MPH)
|
|
Pinch Hitting: RHB Jon Gonzales
|
0-0: Called Strike 0-1: Ball 1-1: Ball 2-1: Foul Ball, location: 2F 2-2: SINGLE (Groundball, 34D, EV 103.8 MPH) Kunizo Yanagisawa to third Jim Erdody to second Runner from 3rd tries for Home, throw by RF and OUT! 9-2
|
| Bottom of the 4th over - 1 run, 3 hits, 0 errors, 2 left on base; Boston (APP) 6 - Princeton 5 |
| TOP OF THE 5TH |
|
Boston (APP) Red Sox batting - Pitching for Princeton Rays : RHP John Morgan
|
|
Now in CF: Berthold Frey
|
|
|
Batting: RHB Mike Strey
|
0-0: Ball 1-0: Swinging Strike 1-1: Swinging Strike 1-2: Ball 2-2: Ball 3-2: Strikes out looking
|
|
Batting: RHB Dominique Paolozzi
|
0-0: Fly out, F8 (Line Drive, 8RD, EV 105.0 MPH)
|
|
Batting: RHB Rogelio Cervantes
|
0-0: Called Strike 0-1: SINGLE (Groundball, 34D, EV 102.5 MPH)
|
|
Batting: RHB Joe Booth
|
0-0: Ball Wild Pitch! Rogelio Cervantes to second 1-0: Foul Ball, location: 2F 1-1: Ball 2-1: Foul Ball, location: 2F 2-2: Ground out 5-3 (Groundball, 56, EV 108.8 MPH)
|
| Top of the 5th over - 0 runs, 1 hit, 0 errors, 1 left on base; Boston (APP) 6 - Princeton 5 |
| BOTTOM OF THE 5TH |
|
Princeton Rays batting - Pitching for Boston (APP) Red Sox : LHP Eddie Contreras
|
|
Batting: RHB Wil Urban
|
0-0: Ball 1-0: Ball 2-0: Called Strike 2-1: Ball 3-1: Fly out, F8 (Flyball, 8RD, EV 80.6 MPH)
|
|
Batting: SHB Lou Kroneman
|
0-0: Foul Ball, location: 2F 0-1: Hit by Pitch
|
|
Batting: RHB Chris Thorson
|
0-0: Fielders Choice at 2nd, 5-4 (Groundball, 56S, EV 85.0 MPH)
|
|
Batting: SHB Wayne Hattan
|
0-0: Called Strike 0-1: Swinging Strike 0-2: Ball 1-2: Strikes out swinging
|
| Bottom of the 5th over - 0 runs, 0 hits, 0 errors, 1 left on base; Boston (APP) 6 - Princeton 5 |
| TOP OF THE 6TH |
|
Boston (APP) Red Sox batting - Pitching for Princeton Rays : RHP John Morgan
|
|
Batting: LHB Stanislav Parusov
|
0-0: Ball 1-0: Ball 2-0: Ball 3-0: Base on Balls
|
|
Batting: RHB Matt Hinkle
|
0-0: Foul Ball, location: 2F 0-1: Ground out 5-3 (Groundball, 56S, EV 69.4 MPH) Stanislav Parusov to second
|
|
Batting: RHB William Lung
|
0-0: Called Strike 0-1: Ball 1-1: Fly out, F8 (Flyball, 8RXD, EV 78.8 MPH) Runner from 2nd tags up, SAFE at 3rd, no throw by CF
|
|
Batting: RHB Frank Sokolosky
|
0-0: Ground out 6-3 (Groundball, P, EV 84.4 MPH)
|
| Top of the 6th over - 0 runs, 0 hits, 0 errors, 1 left on base; Boston (APP) 6 - Princeton 5 |
| BOTTOM OF THE 6TH |
|
Princeton Rays batting - Pitching for Boston (APP) Red Sox : LHP Eddie Contreras
|
|
Batting: RHB Kunizo Yanagisawa
|
0-0: Ball 1-0: SINGLE (Groundball, 56D, EV 107.5 MPH)
|
|
Batting: RHB Jim Erdody
|
0-0: Ball 1-0: Called Strike 1-1: Ball 2-1: Called Strike 2-2: Ball 3-2: Foul Ball, location: 2F 3-2: Fly out, F4 (Line Drive, 4, EV 71.9 MPH) Lined into DP, 4-3 (Line Drive, 4, EV 71.3 MPH)
|
|
Batting: SHB Chris Lockart
|
0-0: Ball 1-0: Ball 2-0: Foul Ball, location: 2F 2-1: Foul Ball, location: 2F 2-2: Foul Ball, location: 2F 2-2: Strikes out swinging
|
| Bottom of the 6th over - 0 runs, 1 hit, 0 errors, 0 left on base; Boston (APP) 6 - Princeton 5 |
| TOP OF THE 7TH |
|
Boston (APP) Red Sox batting - Pitching for Princeton Rays : RHP John Morgan
|
|
Pitching: RHP Tim Inman
|
|
|
Batting: LHB Frank Olivo
|
0-0: Ball 1-0: Swinging Strike 1-1: Ball 2-1: Foul Ball, location: 2F 2-2: Strikes out swinging
|
|
Batting: RHB Mike Strey
|
0-0: Ball 1-0: Ball 2-0: Foul Ball, location: 2F 2-1: Ball 3-1: Base on Balls
|
|
Batting: SHB Eric Evans
|
0-0: Ball 1-0: Ball 2-0: Called Strike 2-1: Foul Ball, location: 2F 2-2: Ball 3-2: Base on Balls Mike Strey to second
|
|
Batting: RHB Rogelio Cervantes
|
0-0: Called Strike 0-1: Ball 1-1: Foul Ball, location: 2F 1-2: Ball 2-2: Foul Ball, location: 2F 2-2: Foul Ball, location: 2F 2-2: Ball 3-2: Foul Ball, location: 2F 3-2: DOUBLE (Line Drive, 9LS, EV 98.1 MPH) Mike Strey scores Eric Evans to third Runner from 3rd tries for Home, SAFE, throw by RF to home
|
|
Batting: RHB Joe Booth
|
0-0: Called Strike 0-1: Called Strike 0-2: Strikes out swinging
|
|
Batting: LHB Stanislav Parusov
|
0-0: Swinging Strike 0-1: SINGLE (Line Drive, 9S, EV 105.6 MPH) Rogelio Cervantes to third
|
|
Batting: RHB Matt Hinkle
|
0-0: Ball 1-0: Called Strike 1-1: Foul Ball, location: 2F 1-2: Foul Ball, location: 2F 1-2: Foul Ball, location: 2F 1-2: Foul Ball, location: 2F 1-2: Foul Ball, location: 2F 1-2: Foul Ball, location: 2F 1-2: Ball 2-2: Hit by Pitch Stanislav Parusov to second
|
|
Batting: RHB William Lung
|
0-0: Called Strike 0-1: Ball 1-1: Ball 2-1: Called Strike 2-2: Hit by Pitch Rogelio Cervantes scores Stanislav Parusov to third Matt Hinkle to second
|
|
Pitching: RHP Takenori Iwata
|
|
|
Batting: RHB Frank Sokolosky
|
0-0: Called Strike 0-1: Ball 1-1: Foul Ball, location: 2F 1-2: Ball 2-2: Strikes out swinging
|
| Top of the 7th over - 3 runs, 2 hits, 0 errors, 3 left on base; Boston (APP) 9 - Princeton 5 |
| BOTTOM OF THE 7TH |
|
Princeton Rays batting - Pitching for Boston (APP) Red Sox : LHP Eddie Contreras
|
|
Pitching: RHP Jose Abanto
|
|
|
Batting: RHB Dan Marks
|
0-0: Called Strike 0-1: Ball 1-1: Ball 2-1: Swinging Strike 2-2: DOUBLE (Line Drive, 89XD, EV 111.3 MPH)
|
|
Batting: SHB Berthold Frey
|
0-0: Called Strike 0-1: Called Strike 0-2: Strikes out looking
|
|
Batting: RHB Wil Urban
|
0-0: Swinging Strike 0-1: Ball 1-1: Swinging Strike 1-2: Strikes out looking
|
|
Batting: SHB Lou Kroneman
|
0-0: Foul Ball, location: 2F 0-1: Swinging Strike 0-2: Ball 1-2: Foul Ball, location: 2F 1-2: Ball 2-2: Ball 3-2: Foul Ball, location: 2F 3-2: Foul Ball, location: 2F 3-2: Foul Ball, location: 2F 3-2: Strikes out swinging
|
| Bottom of the 7th over - 0 runs, 1 hit, 0 errors, 1 left on base; Boston (APP) 9 - Princeton 5 |
| TOP OF THE 8TH |
|
Boston (APP) Red Sox batting - Pitching for Princeton Rays : RHP Takenori Iwata
|
|
Batting: LHB Frank Olivo
|
0-0: Ball 1-0: Ball 2-0: Called Strike 2-1: Ball 3-1: Ground out 4-3 (Groundball, 34D, EV 102.5 MPH)
|
|
Batting: RHB Mike Strey
|
0-0: Ball 1-0: Ball 2-0: Fly out, F7 (Line Drive, 78D, EV 103.8 MPH)
|
|
Batting: SHB Eric Evans
|
0-0: Ball 1-0: Foul Ball, location: 2F 1-1: Called Strike 1-2: Fly out, F4 (Popup, 3D, EV 66.3 MPH)
|
| Top of the 8th over - 0 runs, 0 hits, 0 errors, 0 left on base; Boston (APP) 9 - Princeton 5 |
| BOTTOM OF THE 8TH |
|
Princeton Rays batting - Pitching for Boston (APP) Red Sox : RHP Jose Abanto
|
|
Pitching: RHP Victor Escobar
|
|
|
Batting: RHB Chris Thorson
|
0-0: Called Strike 0-1: Ball 1-1: Swinging Strike 1-2: Foul Ball, location: 2F 1-2: Foul Ball, location: 2F 1-2: Foul Ball, location: 2F 1-2: Ball 2-2: Foul Ball, location: 2F 2-2: Foul Ball, location: 2F 2-2: Foul Ball, location: 2F 2-2: Foul Ball, location: 2F 2-2: Strikes out swinging
|
|
Batting: SHB Wayne Hattan
|
0-0: Called Strike 0-1: Foul Ball, location: 2F 0-2: Ball 1-2: SINGLE (Groundball, 6MD, EV 106.3 MPH)
|
|
Batting: RHB Kunizo Yanagisawa
|
0-0: Called Strike 0-1: Called Strike 0-2: Foul Ball, location: 2F 0-2: Foul Ball, location: 2F 0-2: Strikes out looking
|
|
Pinch Hitting: LHB Josh Redfern
|
0-0: Ball 1-0: Ball 2-0: Ball 3-0: Swinging Strike 3-1: Foul Ball, location: 2F 3-2: Foul Ball, location: 2F 3-2: Foul Ball, location: 2F 3-2: Base on Balls Wayne Hattan to second
|
|
Batting: SHB Chris Lockart
|
0-0: Ball 1-0: Foul Ball, location: 2F 1-1: Foul Ball, location: 2F 1-2: Strikes out swinging
|
| Bottom of the 8th over - 0 runs, 1 hit, 0 errors, 2 left on base; Boston (APP) 9 - Princeton 5 |
| TOP OF THE 9TH |
|
Boston (APP) Red Sox batting - Pitching for Princeton Rays : RHP Takenori Iwata
|
|
Pitching: RHP Cody Wilharm
|
|
|
Now at 3B: Zach Rose
|
|
|
Batting: RHB Rogelio Cervantes
|
0-0: Hit by Pitch
|
|
Batting: RHB Joe Booth
|
0-0: Called Strike Rogelio Cervantes steals 2nd base 0-1: Swinging Strike 0-2: Ground out 4-3 (Groundball, 4, EV 103.1 MPH) Rogelio Cervantes to third
|
|
Batting: LHB Stanislav Parusov
|
0-0: Foul Ball, location: 2F 0-1: Ball 1-1: Foul Ball, location: 2F 1-2: Ball 2-2: Ball 3-2: Fly out, F7 (Line Drive, 7D, EV 95.0 MPH) Runner from 3rd tags up, SCORES, no throw by LF
|
|
Batting: RHB Matt Hinkle
|
0-0: Called Strike 0-1: Foul Ball, location: 2F 0-2: Foul Ball, location: 2F 0-2: Ball 1-2: Strikes out swinging
|
| Top of the 9th over - 1 run, 0 hits, 0 errors, 0 left on base; Boston (APP) 10 - Princeton 5 |
| BOTTOM OF THE 9TH |
|
Princeton Rays batting - Pitching for Boston (APP) Red Sox : RHP Victor Escobar
|
|
Batting: RHB Dan Marks
|
0-0: Ground out 5-3 (Groundball, 15, EV 85.6 MPH)
|
|
Batting: SHB Berthold Frey
|
0-0: Foul Ball, location: 2F 0-1: Called Strike 0-2: Ground out 5-3 (Groundball, 56, EV 101.3 MPH)
|
|
Batting: RHB Wil Urban
|
0-0: Foul Ball, location: 2F 0-1: Foul Ball, location: 2F 0-2: Ball 1-2: Strikes out swinging
|
| Bottom of the 9th over - 0 runs, 0 hits, 0 errors, 0 left on base; Boston (APP) 10 - Princeton 5 |
|